 Dungeon Crawl Stone Soup version 0.32-a0-875-g23b751d0ae (webtiles) character file.

Game seed: 11844665866551258264

1917225 Ajdolov the Imperceptible (level 26, 140/140 HPs)
             Began as a Vine Stalker Monk on Mar 31, 2024.
             Was the Champion of Okawaru.
             Escaped with the Orb
             ... and 3 runes on Apr 1, 2024!
             The game lasted 02:54:43 (51222 turns).

Ajdolov the Imperceptible (Vine Stalker Monk)      Turns: 51222, Time: 02:54:43

Health: 140/140    AC: 11    Str: 23    XL:     26   Next: 58%
Magic:  37/37      EV: 23    Int: 10    God:    Okawaru [******]
Gold:   722        SH: 21    Dex: 29    Spells: 25/25 levels left

rFire   + + .        y - +9 quick blade (freeze)
rCold   + . .        X - +5 kite shield {reflect}
rNeg    . . .        (body armour currently unavailable)
rPois   +            v - +2 helmet {SInv}
rElec   .            H - scarf "Optuphio" {shadows, rPois Str+5}
rCorr   .            O - +3 pair of gauntlets of War {Slay+5}
SInv    +            Y - +2 pair of boots {Fly}
Will    +++..        R - amulet of regeneration
Stlth   ++++         r - ring of protection from fire
HPRegen 2.03/turn    W - ring "Neces" {rF+ rC+ Str+4 Slay+3 Stlth+}
MPRegen 0.25/turn

%: reflection, clarity, guardian spirit
@: maw-form, flying, studying Fire Magic
A: devouring maw, fangs 3, regeneration 1, magic shield, antimagic bite, no
potion heal 2, hooves 1, clarity
0: Orb of Zot
}: 3/15 runes: serpentine, barnacled, silver
a: Begin Untransformation, Renounce Religion, Heroism, Finesse, Duel


You escaped.
You worshipped Okawaru.
Okawaru was exalted by your worship.
You were a creature with a mouth for a stomach.
You visited 9 branches of the dungeon, and saw 47 of its levels.
You visited 1 bazaar.

You collected 7999 gold pieces.
You spent 7277 gold pieces at shops.

Inventory:

Hand Weapons
 y - a +9 quick blade of freezing (weapon)
Missiles
 i - 36 javelins
 D - 10 curare-tipped darts
 K - 17 silver javelins
 Q - 7 throwing nets
 S - 38 boomerangs (quivered)
 U - 24 atropa-tipped darts
Armour
 v - a +2 helmet of see invisible (worn)
 F - a +2 cloak of willpower
 H - the scarf "Optuphio" (worn) {shadows, rPois Str+5}
   (You acquired it on level 4 of the Depths)

   Str+5:     It affects your strength (+5).
   rPois:     It protects you from poison.
 O - the +3 pair of gauntlets of War (worn) {Slay+5}
   (Okawaru gifted it to you on level 2 of the Lair of Beasts)

   Slay+5:    It affects your accuracy & damage with ranged weapons and melee
   (+5).
 X - a +5 kite shield of reflection (worn)
 Y - a +2 pair of boots of flying (worn)
Jewellery
 g - a ring of resist corrosion
 r - a ring of protection from fire (left hand)
 P - a ring of positive energy
 R - an amulet of regeneration (around neck)
 V - the ring "Ikuhoidu" {rPois Dex+6}
   (You took it off a deep elf annihilator on level 3 of the Elven Halls)

   [ring of dexterity]

   Dex+6:     It affects your dexterity (+6).
   rPois:     It protects you from poison.
 W - the ring "Neces" (right hand) {rF+ rC+ Str+4 Slay+3 Stlth+}
   (You took it off a vault guard on level 5 of the Vaults)

   [ring of protection from cold]

   Str+4:     It affects your strength (+4).
   Slay+3:    It affects your accuracy & damage with ranged weapons and melee
   (+3).
   rF+:       It protects you from fire.
   rC+:       It protects you from cold.
   Stlth+:    It makes you more stealthy.
Talismans
 E - a maw talisman (active)
Wands
 h - a wand of digging (34)
 l - a wand of quicksilver (4)
 u - a wand of polymorph (36)
 w - a wand of iceblast (47)
 A - a wand of flame (64)
 C - a wand of mindburst (41)
 G - a wand of paralysis (56)
Scrolls
 a - 7 scrolls of vulnerability
 e - 31 scrolls of teleportation
 k - 7 scrolls of blinking
 m - 16 scrolls of immolation
 o - 6 scrolls of torment
 p - 6 scrolls of poison
 q - 4 scrolls of silence
 B - 3 scrolls of revelation
 I - 6 scrolls of fog
 L - a scroll of enchant armour
 Z - 7 scrolls of fear
Potions
 b - 3 potions of invisibility
 c - 8 potions of ambrosia
 d - 2 potions of haste
 f - 7 potions of lignification
 j - 13 potions of curing
 n - 5 potions of magic
 s - 5 potions of enlightenment
 t - 3 potions of berserk rage
 x - 6 potions of cancellation
 z - 6 potions of mutation
 M - 7 potions of attraction
 N - a potion of resistance
 T - 2 potions of might
Miscellaneous
 J - a phial of floods


   Skills:
 - Level 15.0 Fighting
 - Level 14.0 Short Blades
 - Level 16.0 Throwing
 - Level 10.0 Armour
 - Level 11.8 Dodging
 + Level 25.6 Stealth
 - Level 15.0 Shields
 + Level 19.3 Invocations
 - Level 10.0 Evocations
 - Level 14.1 Shapeshifting


You had 25 spell levels left.
You didn't know any spells.
Your spell library contained the following spells:

 Spells                   Type           Power      Damage    Failure   Level
 Foxfire                  Conj/Fire      0%         2x1d4     50%         1
 Kiss of Death            Conj/Necr      0%         2d5       50%         1
 Blink                    Tloc           0%         N/A       63%         2
 Cigotuvi's Dreadful Rot  Necr/Alch/Air  0%         N/A       63%         2
 Ensorcelled Hibernation  Hex/Ice        0%         N/A       63%         2
 Lesser Beckoning         Tloc           0%         N/A       63%         2
 Momentum Strike          Conj/Tloc      0%         3d8       63%         2
 Sublimation of Blood     Necr           0%         N/A       63%         2
 Fugue of the Fallen      Necr           0%         N/A       86%         3
 Passwall                 Erth           0%         N/A       86%         3
 Swiftness                Air            0%         N/A       86%         3
 Vampiric Draining        Necr           0%         2d6       86%         3
 Volatile Blastmotes      Fire/Tloc      0%         2d10      86%         3
 Brom's Barrelling Bould  Conj/Erth      0%         2d3       99%         4
 Cause Fear               Hex            0%         N/A       99%         4
 Dispel Undead            Necr           0%         3d6       99%         4
 Fulminant Prism          Conj/Alch      0%         3d5       99%         4
 Iskenderun's Mystic Bla Conj/Tloc 0%             2d3        (+2d1     99%         4
 Leda's Liquefaction      Alch/Erth      0%         N/A       99%         4
 Maxwell's Portable Pile  Tloc           0%         2d(5-10)  99%         4
 Passage of Golubria      Tloc           0%         N/A       99%         4
 Petrify                  Alch/Erth      0%         N/A       99%         4
 Alistair's Intoxication  Alch           0%         N/A       100%        5
 Arcjolt                  Conj/Air       0%         1d10      100%        5
 Borgnjor's Vile Clutch   Necr/Erth      0%         N/A       100%        5
 Curse of Agony           Necr           0%         N/A       100%        5
 Fireball                 Conj/Fire      0%         3d3       100%        5
 Irradiate                Conj/Alch      0%         3d11      100%        5
 Iskenderun's Battlesphe  Conj           0%         2d6       100%        5
 Metabolic Englaciation   Hex/Ice        0%         N/A       100%        5
 Yara's Violent Unravell  Hex/Alch       0%         3d3       100%        5
 Conjure Ball Lightning   Conj/Air       0%         3x3d6     100%        6
 Dispersal                Tloc           0%         N/A       100%        6
 Eringya's Noxious Bog    Alch           0%         4d6       100%        6
 Gell's Gavotte           Tloc           0%         2d(11-16) 100%        6
 Plasma Beam              Fire/Air       0%         2x1d10    100%        6
 Starburst                Conj/Fire      0%         6d3       100%        6
 Manifold Assault         Tloc           0%         N/A       100%        7
 Orb of Destruction       Conj           0%         9d5       100%        7
 Borgnjor's Revivificati  Necr           0%         N/A       100%        8
 Disjunction              Tloc           0%         N/A       100%        8
 Lehudib's Crystal Spear  Conj/Erth      0%         10d2      100%        8
 Maxwell's Capacitive Co  Air            0%         ∞         100%        8
 Death's Door             Necr           0%         N/A       100%        9
 Tukima's Dance           Hex            Unusable   N/A       N/A         3
 Martyr's Knell           Necr/Summ      Unusable   N/A       N/A         4
 Haunt                    Necr/Summ      Unusable   N/A       N/A         7
 Dragon's Call            Summ           Unusable   N/A       N/A         9

Dungeon Overview and Level Annotations

Branches:
Dungeon (15/15)            Temple (0/1) D:4            Lair (5/5) D:8
 Shoals (4/4) Lair:3        Snake (4/4) Lair:3        Slime (0/5) Lair:4
    Orc (2/2) D:11            Elf (3/3) Orc:2        Vaults (5/5) D:14
  Crypt (0/3) Vaults:3     Depths (4/4) D:15            Zot (5/5) Depths:4

Altars:
Ashenzari
Cheibriados
Gozag
Kikubaaqudgha
Makhleb
Okawaru
Qazlal
Sif Muna
Vehumet
Wu Jian
Xom
Yredelemnul
Beogh
Jiyva

Shops:
D:1 *??[   D:3 [   D:7 =   D:13 :   Orc:1 *   Orc:2 *[*   Elf:1 (([=
Snake:2 =[(*   Snake:3 (*?   Vaults:1 ?   Vaults:2 *   Vaults:3 ?
Depths:4 ?(:

Portals:
Hell: Depths:1 Depths:2 Depths:3 Depths:4
Abyss: Depths:3 Depths:4
Pandemonium: Depths:2
Ziggurat: Depths:4

Annotations:
D:11 4 transporters
D:13 1 runed translucent door, 2Anon's ghost, journeyman GnAl
Lair:3 3 runed translucent doors, glosham's ghost, journeyman CoGl
Lair:4 exclusion: oklob plant
Snake:1 14 exclusions
Orc:1 1 runed translucent door
Vaults:1 1 runed translucent door, agentgt's ghost, veteran KoAK


Innate Abilities, Weirdness & Mutations

You are a creature with a mouth for a stomach.
Your midsection houses a second, enormous mouth.
You have razor-sharp teeth.
Your natural rate of healing is unusually fast.
When hurt, damage is shared between your health and your magic reserves.
Your bite disrupts and absorbs the magic of your enemies.
Potions cannot restore your health.
You have large cloven feet.
You possess an exceptional clarity of mind.


Message History

You fly upwards.
There is a stone staircase leading down here.
A hellion comes into view.
There is a stone staircase leading up here.
You fly upwards.
There is a stone staircase leading down here.
There is a stone staircase leading up here.
You fly upwards.
There is a stone staircase leading down here.
Things that are here:
a +0 robe; a +0 dagger
There is an open door here.
An Orb Guardian comes into view.
You hit the Orb Guardian. You freeze the Orb Guardian.
You bite the Orb Guardian!! You drain its power.
Your bite misses the Orb Guardian. You puncture the Orb Guardian!
You freeze the Orb Guardian. You bite the Orb Guardian. You drain its power.
You bite the Orb Guardian!
The Orb Guardian is severely wounded.
The Orb Guardian hits you!
You hit the Orb Guardian. You freeze the Orb Guardian.
Your bite misses the Orb Guardian. You hit the Orb Guardian.
You freeze the Orb Guardian. You bite the Orb Guardian. You drain its power.
You feel invigorated.
The Orb Guardian is almost dead.
You puncture the Orb Guardian! You freeze the Orb Guardian.
You kill the Orb Guardian!
Okawaru accepts your kill.
There is a stone staircase leading up here.
HP restored.
You fly upwards.
There is a stone staircase leading down here.
There is a stone staircase leading up here.
You fly upwards.
There is a stone staircase leading down here.
Okay, then.
You see here a +0 quarterstaff.
There is an open door here.
There is a staircase leading out of the dungeon here.
You have escaped!

#.###....##..'..#.# #####'#.
##...#..#>##.##..#.# #.#.
....########.##....###########...
##.## #####.###..##.......##.#..
.#.# #...#)# #######...........
##.# ##...#.# #(###.##.#.. ...#
#...##.#########[# #.#####. ####
#.⌠.'..#.....#...###.# #.
#...##.#.#W#.#.......# #. #
##...#.#.....#......## ##' ##
#...#.#.....#......# ##.. .##
#####'##.###'###......# ##...
..###......#.....# #......###....
...##......'.##### #......##.....
...+.......#.# #####.......'.....
...####...##.# #..#####.####.....
..## ##..>..# ##..###.†# ##....


There were no monsters in sight!

Vanquished Creatures
  3 dread liches
  2 ancient liches (Zot:5)
  5 orbs of fire
  3 Killer Klowns (Zot:5)
  Vv (Arena)
  Saint Roka (Arena)
  2 curse toes (Zot:5)
  3 caustic shrikes (Depths:2)
  9 golden dragons
  2 doom hounds (Depths:2)
  A Hell Sentinel (Depths:1)
  2 electric golems (Zot:5)
  Jorgrun (Orc:2)
  Zenata (Vaults:4)
  A hellephant (D:11)
  3 liches
  8 tentacled monstrosities
  2 walking crystal tomes
  33 Orb Guardians
  3 deep elf blademasters
  3 walking divine tomes
  A quicksilver dragon (Depths:4)
  Asterion (Depths:2)
  5 sphinxes
  Grunn (Depths:2)
  A titan (Vaults:5)
  3 death cobs
  A kraken (Shoals:1)
  A deep elf master archer (Elf:3)
  Agnes (D:14)
  7 storm dragons
  A shadow dragon (Vaults:5)
  6 tengu reavers
  Donald (Elf:1)
  6 nagarajas
  Roxanne (Shoals:1)
  4 fire giants
  8 draconian shifters
  3 narguns (Zot:3)
  5 frost giants
  4 draconian knights
  3 draconian monks
  3 deep elf elementalists (Elf:3)
  2 iron dragons
  20 vault wardens
  6 draconian scorchers (Zot:5)
  A balrug (Depths:4)
  7 deep elf sorcerers
  3 ghost moths
  12 ironbound preservers
  3 orc warlords
  A draconian stormcaller (Zot:5)
  A reaper (D:6)
  5 formless jellyfish
  17 very ugly things
  3 draconian annihilators
  9 stone giants
  A vampire knight (Depths:3)
  15 ironbound thunderhulks
  9 deep elf demonologists
  2 demonspawn black suns (Depths:1)
  5 black draconians
  11 deep elf annihilators
  2 pale draconians (Depths:4)
  4 deep elf death magi
  9 dire elephants
  6 green draconians
  6 red draconians
  A white draconian (Zot:4)
  5 purple draconians
  9 yellow draconians
  4 war gargoyles (Vaults:5)
  7 spark wasps
  3 merfolk javelineers
  5 deep elf high priests
  8 fire dragons
  14 ettins
  3 crystal guardians
  8 merfolk impalers
  3 entropy weavers
  35 vault guards
  3 jiangshi (Depths:4)
  5 great orbs of eyes
  17 yaktaur captains
  A hydra (Lair:3)
  2 rakshasas
  4 spriggan air magi
  5 ice dragons
  4 salamander tyrants
  Harold (Orc:1)
  3 ogre magi
  2 peacekeepers
  2 catoblepae
  Erica (D:10)
  6 ironbound frosthearts
  A satyr (Shoals:4)
  8 tengu warriors
  13 centaur warriors
  A two-headed ogre (shapeshifter) (Vaults:5)
  3 merfolk aquamancers
  8 two-headed ogres
  26 dancing weapons
  13 anacondas
  3 merfolk avatars
  4 boulder beetles
  9 death yaks
  4 deep troll shamans
  3 deep troll earth magi
  2 occultists
  7 naga sharpshooters
  12 naga warriors
  3 shock serpents
  2 spriggan berserkers
  5 sun demons
  17 deep elf knights
  A vampire mage (Depths:4)
  5 orc high priests
  Urug (Orc:2)
  A soul eater (Depths:1)
  9 hell knights
  A fire crab (shapeshifter) (Elf:1)
  7 skysharks
  34 deep trolls
  A sixfirhy (Depths:2)
  7 iron trolls
  3 salamander mystics
  A spectral anaconda (Lair:5)
  A spectral death yak (Lair:5)
  10 arcanists
  3 glowing orange brains
  A spriggan druid (Depths:2)
  13 sea snakes
  9 mana vipers
  5 naga ritualists
  A glowing orange brain (shapeshifter) (Vaults:5)
  5 thermic dynamos
  10 deep elf archers
  20 ironbound convokers
  An obsidian bat (Orc:2)
  17 lindwurms
  9 orc knights
  An obsidian statue (Lair:5)
  3 phantasmal warriors (Vaults:5)
  16 necromancers
  20 deep elf pyromancers
  21 deep elf zephyrmancers
  20 harpies
  46 ugly things
  10 fauns
  2 orc sorcerers
  Maurice (D:8)
  A tengu skeleton (Vaults:1)
  19 elephants (Lair:5)
  5 cyclopes
  15 manticores
  3 meliai (D:14)
  2 frost giant zombies (Depths:1)
  2 moths of wrath (shapeshifter) (Vaults:5)
  13 salamanders
  16 moths of wrath
  A meliai (shapeshifter) (D:14)
  40 black mambas
  8 kobold blastminers (Orc:2)
  8 merfolk sirens
  5 water nymphs
  A black mamba (shapeshifter) (D:14)
  9 guardian serpents
  16 cane toads
  14 naga magi
  2 cane toads (shapeshifter)
  17 vault sentinels
  2 gargoyles
  2 rime drakes
  A dire elephant skeleton (Lair:5)
  An unseen horror (D:11)
  2 freezing wraiths (Vaults:5)
  An orange demon (D:11)
  5 komodo dragons
  19 yaktaurs
  5 tengu conjurers
  An efreet (D:14)
  A troll (shapeshifter) (D:14)
  30 merfolk
  7 trolls
  5 wind drakes
  A polar bear (shapeshifter) (Elf:2)
  3 polar bears (Lair:5)
  2 hornets
  A spriggan zombie (Depths:1)
  An ettin zombie (Depths:1)
  A stone giant simulacrum (Depths:1)
  A glass eye (Depths:3)
  Prince Ribbit (D:7)
  12 dream sheep
  7 blink frogs
  A frost giant simulacrum (Vaults:3)
  9 snapping turtles
  53 slime creatures
  A jumping spider (shapeshifter) (D:15)
  4 air elementals
  35 yaks
  A spriggan (Depths:3)
  2 wraiths
  5 wyverns
  A shadow (D:11)
  A yak (shapeshifter) (D:14)
  4 steam dragons
  13 wargs
  3 fire elementals
  A hog (shapeshifter) (Elf:2)
  2 golden eyes (D:12)
  A golden eye (shapeshifter) (D:13)
  7 basilisks
  15 water elementals
  A redback (Vaults:4)
  A vampire mosquito (D:12)
  A death yak simulacrum (Lair:5)
  2 chaos spawn (D:15)
  Menkaure (D:5)
  35 nagas
  3 acid dragons (Depths:4)
  2 glowing shapeshifter zombies
  21 water moccasins
  A glowing shapeshifter skeleton (Vaults:1)
  A swamp drake (D:8)
  2 ice beasts
  A sky beast (D:6)
  35 orc warriors
  5 elephant zombies (Lair:5)
  9 boggarts
  An ogre (shapeshifter) (D:15)
  13 ogres
  2 laughing skulls (D:11)
  An ettin simulacrum (Vaults:2)
  4 human zombies
  28 wolves
  9 centaurs
  2 kobold brigands (D:8)
  A phantom (D:4)
  An earth elemental (Elf:2)
  3 gnoll sergeants
  11 bullfrogs
  2 scorpions (D:6)
  3 human skeletons
  3 wights (D:5)
  3 howler monkeys
  A bombardier beetle (D:3)
  2 jellies
  14 orc priests
  3 hounds
  3 gnoll boudas
  A sleepcap (D:7)
  An iguana (D:6)
  25 orc wizards
  29 gnolls
  4 adders
  3 shadow imps
  2 white imps
  4 ufetubi (D:7)
  3 dart slugs
  73 orcs
  9 endoplasms
  2 giant cockroaches (D:1)
  5 goblins
  7 hobgoblins
  5 quokkas
  8 ball pythons
  10 bats
  2 frilled lizards
  19 kobolds
  5 rats
  8 tentacles (Shoals:1)
1861 creatures vanquished.

Vanquished Creatures (others)
  A deep elf zephyrmancer (Elf:1)
  7 tentacles (Shoals:1)
8 creatures vanquished.

Grand Total: 1869 creatures vanquished

Notes
Turn   | Place    | Note
-------+----------+-------------------------------------------
     0 | D:1      | Ajdolov the Vine Stalker Monk began the quest for the Orb.
     0 | D:1      | Reached XP level 1. HP: 11/11 MP: 2/2
    71 | D:1      | Found Ofour's Assorted Antiques.
    91 | D:1      | Reached XP level 2. HP: 16/16 MP: 1/3
   159 | D:1      | Found Kogaggy's Magic Scroll Shop.
   185 | D:1      | Bought a scroll of teleportation for 30 gold pieces
   418 | D:1      | Found Rierau Fupa's Magic Scroll Emporium.
   552 | D:1      | Found Jiystry's Armour Boutique.
   616 | D:1      | Reached XP level 3. HP: 20/20 MP: 4/4
  1383 | D:2      | Reached XP level 4. HP: 25/25 MP: 5/5
  2297 | D:3      | Found Seisafir's Armour Boutique.
  2304 | D:3      | Reached XP level 5. HP: 29/29 MP: 6/6
  2449 | D:3      | Found an iron altar of Okawaru.
  2619 | D:3      | Became a worshipper of Warmaster Okawaru
  2619 | D:3      | Reached * piety under Okawaru
  2619 | D:3      | Reached ** piety under Okawaru
  2813 | D:4      | Found a staircase to the Ecumenical Temple.
  2845 | D:4      | Noticed an ogre
  2999 | D:4      | Reached XP level 6. HP: 34/34 MP: 7/7
  3145 | D:4      | Identified the +7 mace of Nipnuenym {flame, Dex+4}
  3198 | D:4      | Reached skill level 5 in Fighting
  3198 | D:4      | Reached skill level 5 in Short Blades
  3489 | D:5      | Entered Level 5 of the Dungeon
  3558 | D:5      | Reached XP level 7. HP: 39/39 MP: 8/8
  3652 | D:5      | Identified the +2 robe "Abouphan" {Regen+}
  3702 | D:5      | Reached *** piety under Okawaru
  3785 | D:5      | Identified the +9 quarterstaff of the Beast {freeze, *Rage
                  | Will+ Dex+3 SInv}
  3822 | D:5      | Noticed Menkaure
  3840 | D:5      | Killed Menkaure
  3841 | D:5      | Gained mutation: You have razor-sharp teeth. [Vine Stalker
                  | growth]
  3841 | D:5      | Reached XP level 8. HP: 44/44 MP: 6/9
  4079 | D:5      | Identified the +1 chain mail of Umael {Slay+3}
  4119 | D:5      | Found an ornate altar of the Wu Jian Council.
  4221 | D:6      | Reached skill level 1 in Shapeshifting
  4276 | D:6      | Found a stormy altar of Qazlal.
  4344 | D:6      | Found an opulent altar of Gozag.
  4354 | D:6      | Found a basalt altar of Yredelemnul.
  5193 | D:7      | Reached **** piety under Okawaru
  5194 | D:7      | Reached XP level 9. HP: 49/49 MP: 10/10
  5227 | D:7      | Found Roluenon's Jewellery Shop.
  5484 | D:7      | Noticed Prince Ribbit
  5517 | D:7      | Killed Prince Ribbit
  5624 | D:7      | Reached skill level 5 in Shapeshifting
  5678 | D:7      | Identified the +0 ring mail of the Tentacled God {Will++}
  5775 | D:7      | Found a snail-covered altar of Cheibriados.
  6473 | D:8      | Noticed Maurice
  6485 | D:8      | Maurice stole a maw talisman
  6486 | D:8      | Killed Maurice
  6514 | D:8      | Reached ***** piety under Okawaru
  6515 | D:8      | Reached XP level 10. HP: 53/53 MP: 11/11
  6633 | D:8      | Found a staircase to the Lair.
  7314 | D:1      | Bought a scroll of identify for 20 gold pieces
  7314 | D:1      | Bought a scroll of identify for 20 gold pieces
  7314 | D:1      | Bought a scroll of identify for 20 gold pieces
  7314 | D:1      | Bought a scroll of identify for 20 gold pieces
  7314 | D:1      | Bought a scroll of immolation for 40 gold pieces
  7423 | D:1      | Bought a scroll of teleportation for 33 gold pieces
  7423 | D:1      | Bought a scroll of revelation for 82 gold pieces
  7423 | D:1      | Bought a scroll of enchant armour for 82 gold pieces
  7423 | D:1      | Bought a scroll of identify for 22 gold pieces
  7423 | D:1      | Bought a scroll of identify for 22 gold pieces
  7423 | D:1      | Bought a scroll of identify for 22 gold pieces
  7901 | D:9      | Found a burning altar of Makhleb.
  7901 | D:9      | Noticed a two-headed ogre
  7928 | D:9      | Killed a two-headed ogre
  7928 | D:9      | Received a gift from Okawaru
  7965 | D:9      | Reached skill level 10 in Short Blades
  8549 | D:9      | Found an iron altar of Okawaru.
  8814 | D:10     | Entered Level 10 of the Dungeon
  8928 | D:10     | Found a broken altar of Ashenzari.
  9074 | D:10     | Received a gift from Okawaru
  9075 | D:10     | Reached skill level 10 in Shapeshifting
  9075 | D:10     | Reached skill level 1 in Invocations
  9075 | D:10     | Reached XP level 11. HP: 58/58 MP: 12/12
  9105 | D:10     | Found a shimmering blue altar of Sif Muna.
  9198 | D:10     | Noticed a two-headed ogre
  9262 | D:10     | Killed a two-headed ogre
  9466 | D:10     | Identified the +4 quarterstaff of Qeeryph {pain, rPois}
  9473 | D:10     | Noticed Erica
  9488 | D:10     | Killed Erica
  9687 | D:11     | Noticed a two-headed ogre
  9748 | D:11     | Killed a two-headed ogre
  9822 | D:11     | Found a staircase to the Orcish Mines.
  9845 | D:11     | Reached skill level 5 in Invocations
  9927 | D:11     | Found a transporter.
  9938 | D:11     | Found a transporter.
 10190 | D:11     | Found a transporter.
 10227 | D:11     | Found a transporter.
 10668 | Lair:1   | Entered Level 1 of the Lair of Beasts
 10668 | Lair:1   | Found a shimmering blue altar of Sif Muna.
 10687 | Lair:1   | Received a gift from Okawaru
 11602 | Lair:2   | Noticed a skyshark
 11611 | Lair:2   | Killed a skyshark
 11612 | Lair:2   | Reached XP level 12. HP: 56/66 MP: 15/18
 11666 | Lair:2   | Noticed a catoblepas
 12166 | Lair:2   | Reached ****** piety under Okawaru
 12167 | Lair:2   | Reached skill level 10 in Fighting
 12167 | Lair:2   | Acquired a +2 quick blade of draining
 12167 | Lair:2   | Received a gift from Okawaru
 12169 | Lair:2   | Acquired the +3 pair of gauntlets of War {Slay+5}
 12169 | Lair:2   | Received a gift from Okawaru
 12169 | Lair:2   | Found the +3 pair of gauntlets of War {Slay+5}
 12273 | Lair:2   | Killed a catoblepas
 12274 | Lair:2   | Noticed a death yak
 12274 | Lair:2   | Noticed a death yak
 12274 | Lair:2   | Noticed a death yak
 12303 | Lair:2   | Killed a death yak
 12307 | Lair:2   | Killed a death yak
 12311 | Lair:2   | Killed a death yak
 12311 | Lair:2   | Received a gift from Okawaru
 12585 | Lair:3   | Noticed a skyshark
 12635 | Lair:3   | Noticed a seven-headed hydra
 12641 | Lair:3   | Killed a seven-headed hydra
 12658 | Lair:3   | Found a staircase to the Snake Pit.
 12769 | Lair:3   | Noticed a skyshark
 12777 | Lair:3   | Killed a skyshark
 12778 | Lair:3   | Reached skill level 10 in Invocations
 12778 | Lair:3   | Reached XP level 13. HP: 70/72 MP: 19/21
 12861 | Lair:3   | Reached skill level 1 in Stealth
 12868 | Lair:3   | Reached skill level 2 in Stealth
 13010 | Lair:3   | Found a staircase to the Shoals.
 13050 | Lair:3   | Reached skill level 3 in Stealth
 13052 | Lair:3   | Found a runed translucent gate.
 13052 | Lair:3   | Found a runed translucent gate.
 13052 | Lair:3   | Found a runed translucent gate.
 13135 | Lair:3   | Received a gift from Okawaru
 13140 | Lair:3   | Reached skill level 4 in Stealth
 13220 | Lair:3   | Reached skill level 5 in Stealth
 13228 | Lair:3   | Reached skill level 6 in Stealth
 13318 | Lair:3   | Noticed glosham's ghost (journeyman CoGl)
 13645 | Lair:4   | Received a gift from Okawaru
 13739 | Lair:4   | Found a viscous altar of Jiyva.
 13741 | Lair:4   | Found a staircase to the Slime Pits.
 13790 | Lair:4   | Reached skill level 7 in Stealth
 14342 | Lair:5   | Entered Level 5 of the Lair of Beasts
 14413 | Lair:5   | Reached skill level 8 in Stealth
 14625 | Lair:5   | Received a gift from Okawaru
 14626 | Lair:5   | Reached skill level 9 in Stealth
 14630 | Lair:5   | Got Kikubaaqudgha's Discourse on Dark Liturgies
 14654 | Lair:5   | Noticed a dire elephant
 14700 | Lair:5   | Killed a dire elephant
 14725 | Lair:5   | Noticed a dire elephant
 14726 | Lair:5   | Noticed a dire elephant
 14745 | Lair:5   | Reached XP level 14. HP: 77/77 MP: 22/22
 14748 | Lair:5   | Reached skill level 10 in Stealth
 15389 | Lair:5   | Received a gift from Okawaru
 16303 | D:12     | You fall into a shaft and drop 3 floors!
 16303 | D:15     | Entered Level 15 of the Dungeon
 16502 | D:14     | Reached skill level 11 in Stealth
 16523 | D:14     | Received a gift from Okawaru
 17037 | D:13     | Found a runed translucent door.
 17044 | D:13     | Found a shimmering altar of Xom.
 17044 | D:13     | Noticed 2Anon's ghost (journeyman GnAl)
 17121 | Orc:1    | Entered Level 1 of the Orcish Mines
 17277 | Orc:1    | Found Woant's Assorted Antiques.
 17282 | Orc:1    | Bought a scroll of enchant armour for 217 gold pieces
 17282 | Orc:1    | Bought a pair of runed boots for 217 gold pieces
 17370 | Orc:2    | Entered Level 2 of the Orcish Mines
 17370 | Orc:2    | Found a staircase to the Elven Halls.
 17381 | Orc:1    | Noticed an orc warlord
 17444 | Orc:2    | Received a gift from Okawaru
 17464 | Orc:1    | Killed an orc warlord
 17468 | Orc:1    | Reached skill level 12 in Stealth
 17527 | Orc:1    | Found a runed translucent door.
 17530 | Orc:1    | Noticed a balrug
 17582 | Orc:1    | Noticed Harold
 17724 | Orc:1    | Killed Harold
 18012 | Orc:2    | Noticed an orc warlord
 18013 | Arena    | Entered the Arena
 18017 | Arena    | Killed an orc warlord
 18018 | Arena    | Reached XP level 15. HP: 80/80 MP: 24/24
 18042 | Orc:2    | Received a gift from Okawaru
 18141 | Orc:2    | Noticed Jorgrun
 18147 | Orc:2    | Killed Jorgrun
 18176 | Orc:2    | Noticed Urug
 18184 | Orc:2    | Killed Urug
 18261 | Orc:2    | Found a roughly hewn altar of Beogh.
 18300 | Orc:2    | Reached skill level 13 in Stealth
 18379 | Orc:2    | Found a roughly hewn altar of Beogh.
 18459 | Orc:2    | Found a roughly hewn altar of Beogh.
 18538 | Orc:2    | Found a roughly hewn altar of Beogh.
 18539 | Orc:2    | Found Rengyt's Assorted Antiques.
 18567 | Orc:2    | Bought a scroll of blinking for 195 gold pieces
 18567 | Orc:2    | Bought a scroll of identify for 52 gold pieces
 18587 | Orc:2    | Found a roughly hewn altar of Beogh.
 18608 | Orc:2    | Found a roughly hewn altar of Beogh.
 18618 | Orc:2    | Found Leb Ulen's Assorted Antiques.
 18714 | Orc:2    | Found Vojou's Antique Weapon Shoppe.
 18715 | Orc:2    | Found a roughly hewn altar of Beogh.
 18716 | Orc:2    | Found Yhuxtaw's Antique Armour Emporium.
 18817 | Orc:2    | Found a roughly hewn altar of Beogh.
 18821 | Orc:2    | Received a gift from Okawaru
 19131 | D:13     | Found Fuivac's Book Shop.
 19657 | D:14     | Noticed Agnes
 19667 | D:14     | Killed Agnes
 19893 | D:14     | Found a gate to the Vaults.
 19987 | D:14     | Received a gift from Okawaru
 19990 | D:14     | Reached skill level 14 in Stealth
 20554 | D:15     | Received a gift from Okawaru
 20597 | D:15     | Found a staircase to the Depths.
 20660 | D:15     | Found a shimmering altar of Xom.
 20660 | D:15     | Found the +7 mace of Variability {chaos, chaos arc}
 20683 | D:15     | Reached skill level 5 in Dodging
 20715 | D:15     | Reached XP level 16. HP: 71/85 MP: 21/26
 21502 | Lair:5   | Reached skill level 15 in Stealth
 21528 | Lair:5   | Received a gift from Okawaru
 21869 | Snake:1  | Entered Level 1 of the Snake Pit
 22653 | Snake:1  | Received a gift from Okawaru
 23475 | Arena    | Entered the Arena
 23867 | Arena    | Entered the Arena
 23962 | Snake:2  | Received a gift from Okawaru
 24233 | Snake:2  | Found Petiene's Armour Emporium.
 24235 | Snake:2  | Found Xoutoib's Jewellery Emporium.
 24243 | Snake:2  | Found Koabluxu's Weapon Emporium.
 24244 | Snake:2  | Found Puiduqiah's Assorted Antiques.
 24255 | Snake:2  | Reached skill level 1 in Evocations
 24263 | Snake:2  | Bought a scroll of enchant armour for 240 gold pieces
 24263 | Snake:2  | Bought a scroll of enchant weapon for 240 gold pieces
 24490 | Arena    | Entered the Arena
 24768 | Arena    | Entered the Arena
 24885 | Snake:3  | HP: 3/86 [salamander tyrant/flame surge (27)]
 25184 | Arena    | Entered the Arena
 25187 | Arena    | Reached skill level 16 in Stealth
 25306 | Snake:3  | Reached XP level 17. HP: 91/91 MP: 27/27
 25394 | Arena    | Entered the Arena
 25402 | Arena    | Reached XP level 18. HP: 55/95 MP: 12/28
 25432 | Arena    | Entered the Arena
 25598 | Snake:3  | Found Wifoh's Assorted Antiques.
 25598 | Snake:3  | Found Biorgh's Weapon Shop.
 25600 | Snake:3  | Found Det Ulo's Magic Scroll Boutique.
 25654 | Snake:3  | Bought a scroll of blinking for 157 gold pieces
 25654 | Snake:3  | Bought a scroll of teleportation for 63 gold pieces
 25654 | Snake:3  | Bought a coppery potion for 18 gold pieces
 25654 | Snake:3  | Bought a scroll of identify for 42 gold pieces
 25661 | Snake:3  | Bought a scroll of teleportation for 30 gold pieces
 25661 | Snake:3  | Bought a scroll of fog for 40 gold pieces
 25661 | Snake:3  | Bought a scroll of fog for 40 gold pieces
 25735 | Arena    | Entered the Arena
 26058 | Snake:2  | Bought an amulet of regeneration for 330 gold pieces
 26217 | Shoals:1 | Entered Level 1 of the Shoals
 26217 | Shoals:1 | Noticed Roxanne
 26228 | Shoals:1 | Killed Roxanne
 26331 | Shoals:1 | Identified the +7 morningstar of Sioz {heavy, rC++}
 26659 | Shoals:1 | Received a gift from Okawaru
 27010 | Shoals:2 | Reached skill level 5 in Shields
 27866 | Shoals:3 | Reached skill level 1 in Throwing
 28139 | Shoals:3 | Received a gift from Okawaru
 28633 | Shoals:4 | Entered Level 4 of the Shoals
 29157 | Shoals:4 | Reached XP level 19. HP: 99/99 MP: 24/29
 29178 | Shoals:4 | Received a gift from Okawaru
 29189 | Shoals:4 | Got a barnacled rune of Zot
 30017 | Snake:4  | Entered Level 4 of the Snake Pit
 30785 | Snake:4  | Received a gift from Okawaru
 31133 | Snake:4  | Reached skill level 5 in Throwing
 31808 | Snake:4  | Reached skill level 10 in Dodging
 31864 | Snake:4  | Reached skill level 10 in Shields
 32092 | Arena    | Entered the Arena
 32115 | Arena    | Entered the Arena
 32166 | Arena    | Entered the Arena
 32198 | Snake:4  | Received a gift from Okawaru
 32239 | Snake:4  | Got a serpentine rune of Zot
 32728 | Vaults:1 | Entered Level 1 of the Vaults
 33176 | Vaults:1 | Found a runed translucent door.
 33180 | Vaults:1 | Noticed agentgt's ghost (veteran KoAK)
 33548 | Vaults:1 | Received a gift from Okawaru
 33621 | Vaults:1 | Reached XP level 20. HP: 104/104 MP: 30/30
 33793 | Vaults:1 | Found Kass's Magic Scroll Shoppe.
 33796 | Vaults:1 | Bought a scroll of enchant armour for 97 gold pieces
 33796 | Vaults:1 | Bought a scroll of teleportation for 39 gold pieces
 33796 | Vaults:1 | Bought a scroll of teleportation for 39 gold pieces
 33796 | Vaults:1 | Bought a scroll of revelation for 97 gold pieces
 33796 | Vaults:1 | Bought a scroll of revelation for 97 gold pieces
 33796 | Vaults:1 | Bought a scroll of revelation for 97 gold pieces
 34055 | Vaults:2 | Paralysed by a formless jellyfish for 1 turns
 34742 | Vaults:2 | Received a gift from Okawaru
 34837 | Vaults:2 | Found Dylouzud's General Store.
 34845 | Vaults:2 | Bought a wand of mindburst (11) for 308 gold pieces
 34845 | Vaults:2 | Bought a potion of magic for 160 gold pieces
 35487 | Vaults:3 | Reached skill level 10 in Throwing
 35631 | Vaults:3 | Received a gift from Okawaru
 36026 | Vaults:3 | Found Rizis's Magic Scroll Boutique.
 36029 | Vaults:3 | Bought a scroll of teleportation for 54 gold pieces
 36029 | Vaults:3 | Bought a scroll of blinking for 135 gold pieces
 36114 | Vaults:3 | Paralysed by a formless jellyfish for 1 turns
 36391 | Vaults:3 | Found a staircase to the Crypt.
 36391 | Vaults:3 | Found a basalt altar of Yredelemnul.
 36391 | Vaults:3 | Found an ancient bone altar of Kikubaaqudgha.
 36454 | Vaults:3 | Reached XP level 21. HP: 103/108 MP: 32/32
 36471 | Vaults:3 | Received a gift from Okawaru
 36729 | Vaults:4 | Reached skill level 5 in Evocations
 37070 | Vaults:4 | Noticed Zenata
 37079 | Vaults:4 | Killed Zenata
 37293 | Vaults:4 | Noticed Saint Roka
 37334 | Arena    | Entered the Arena
 37341 | Arena    | Killed Saint Roka
 38071 | Elf:1    | Entered Level 1 of the Elven Halls
 38078 | Elf:1    | Received a gift from Okawaru
 38262 | Elf:1    | Found Biotois's Jewellery Shoppe.
 38266 | Elf:1    | You are sucked into a shaft and drop 1 floor!
 38486 | Elf:2    | Found a huge runed translucent gate.
 38486 | Elf:2    | Found a huge runed translucent gate.
 38486 | Elf:2    | Found a huge runed translucent gate.
 38531 | Elf:2    | Found a huge runed translucent gate.
 38532 | Elf:2    | Found a huge runed translucent gate.
 38603 | Elf:2    | Received a gift from Okawaru
 38683 | Elf:1    | Found Faruneg's Antique Weapon Boutique.
 38716 | Elf:1    | Found Riaqom's Weapon Emporium.
 38731 | Elf:1    | Noticed Donald
 38742 | Elf:1    | Killed Donald
 38836 | Elf:1    | Found Fiuss's Armour Shoppe.
 38840 | Elf:1    | Bought a +2 helmet of intelligence for 301 gold pieces
 39166 | Elf:1    | Identified the blade talisman of Kosietutz {*Corrode rC+
                  | Int+3 SInv}
 39491 | Elf:2    | Reached skill level 17 in Stealth
 39546 | Elf:2    | Reached XP level 22. HP: 116/116 MP: 31/33
 39801 | Elf:2    | Paralysed by an air elemental for 1 turns
 40303 | Elf:3    | Entered Level 3 of the Elven Halls
 40307 | Elf:3    | Reached skill level 15 in Shields
 40450 | Elf:3    | Found a radiant altar of Vehumet.
 40766 | Elf:3    | Identified the ring "Ikuhoidu" {rPois Dex+6}
 41007 | Elf:3    | Received a gift from Okawaru
 41189 | Elf:3    | Reached skill level 18 in Stealth
 41373 | Elf:3    | Identified the amulet "Wubrye" {Spirit rC++}
 41385 | Elf:3    | Identified the +11 great sword "Ego Ozaw" {drain, *Slow
                  | Str+3 Stlth+}
 41387 | Elf:3    | Identified the staff of Conformity {^Fragile rPois Str+4
                  | Dex+4 Alchemy}
 41513 | Elf:3    | Paralysed by an air elemental for 1 turns
 41522 | Elf:3    | Gained mutation: You have hidden genetic defects. [a
                  | neqoxec]
 41526 | Elf:3    | Paralysed by an air elemental for 1 turns
 41528 | Elf:3    | Lost mutation: You have hidden genetic defects. [potion of
                  | mutation]
 41528 | Elf:3    | Gained mutation: You are vulnerable to heat. (rF-) [potion
                  | of mutation]
 41528 | Elf:3    | Gained mutation: Your health recovers twice as slowly from
                  | being drained. [potion of mutation]
 41528 | Elf:3    | Gained mutation: You have a pair of small horns on your
                  | head. [potion of mutation]
 41529 | Elf:3    | Lost mutation: You have a pair of small horns on your head.
                  | [potion of mutation]
 41529 | Elf:3    | Lost mutation: Your health recovers twice as slowly from
                  | being drained. [potion of mutation]
 41529 | Elf:3    | Lost mutation: You are vulnerable to heat. (rF-) [potion of
                  | mutation]
 41529 | Elf:3    | Gained mutation: You have large cloven feet. [potion of
                  | mutation]
 41529 | Elf:3    | Gained mutation: You possess an exceptional clarity of
                  | mind. [potion of mutation]
 41562 | Elf:3    | Identified the +2 orcbow "Fuips" {speed, rElec rCorr Dex-4
                  | SInv}
 41569 | Elf:3    | Identified the +8 quarterstaff of Karma {venom, Int+3
                  | Stlth+}
 41576 | Elf:3    | Identified the +5 long sword "Hiezeb" {holy, Str+2}
 41942 | Vaults:4 | Received a gift from Okawaru
 41990 | Vaults:5 | Entered Level 5 of the Vaults
 42493 | Vaults:5 | Received a gift from Okawaru
 42558 | Vaults:5 | Reached skill level 10 in Evocations
 42592 | Vaults:5 | Reached XP level 23. HP: 123/123 MP: 34/34
 42642 | Vaults:5 | Reached skill level 19 in Stealth
 42729 | Vaults:5 | Identified the +8 morningstar of Courage {freeze, rElec
                  | Dex+4}
 42746 | Vaults:5 | Identified the ring "Neces" {rF+ rC+ Str+4 Slay+3 Stlth+}
 42754 | Vaults:5 | Noticed a golden dragon
 42772 | Vaults:5 | Killed a golden dragon
 42807 | Vaults:5 | Received a gift from Okawaru
 43109 | Vaults:5 | Noticed a golden dragon
 43160 | Vaults:5 | Killed a golden dragon
 43213 | Vaults:5 | Noticed a dread lich
 43227 | Vaults:5 | Killed a dread lich
 43227 | Vaults:5 | Received a gift from Okawaru
 43251 | Vaults:5 | Identified the +0 scale mail of Iraalex {Slay+4}
 43433 | Vaults:5 | Reached skill level 20 in Stealth
 43454 | Vaults:5 | Noticed a golden dragon
 43464 | Vaults:5 | Killed a golden dragon
 43483 | Vaults:5 | Got a silver rune of Zot
 44109 | Vaults:3 | Bought a scroll of acquirement for 936 gold pieces
 44109 | Vaults:3 | Acquired 1049 gold pieces
 44359 | Orc:1    | Bought a scroll of teleportation for 87 gold pieces
 44359 | Orc:1    | Bought 2 potions of curing for 174 gold pieces
 44359 | Orc:1    | Bought a potion of resistance for 290 gold pieces
 44433 | D:13     | Bought a manual of Stealth for 1520 gold pieces
 44488 | Depths:1 | Entered Level 1 of the Depths
 44519 | Depths:1 | Reached skill level 15 in Fighting
 44608 | Depths:1 | Found a basalt altar of Yredelemnul.
 44784 | Depths:1 | Received a gift from Okawaru
 44903 | Depths:1 | Found a gateway to Hell.
 45528 | Depths:2 | Noticed a caustic shrike
 45529 | Depths:2 | Noticed a caustic shrike
 45532 | Depths:2 | Noticed Grunn
 45535 | Depths:2 | Noticed a caustic shrike
 45544 | Depths:2 | Killed Grunn
 45634 | Depths:2 | Killed a caustic shrike
 45635 | Depths:2 | Reached XP level 24. HP: 129/131 MP: 34/34
 45641 | Depths:2 | Killed a caustic shrike
 45646 | Depths:2 | Killed a caustic shrike
 45655 | Depths:2 | Noticed Asterion
 45671 | Depths:2 | Killed Asterion
 45749 | Depths:2 | Received a gift from Okawaru
 45768 | Depths:2 | Got Itrucw Door's Volume of the Ossuary and Geomancy
 45993 | Depths:2 | Found a one-way gate leading to the halls of Pandemonium.
 46190 | Depths:3 | Found a flickering gateway to a bazaar.
 46205 | Bazaar   | Entered a bazaar
 46232 | Bazaar   | Found Moh Jae's Weapon Emporium.
 46232 | Bazaar   | Found Uhaideap's Weapon Shoppe.
 46254 | Bazaar   | Found Wuca's Antique Armour Shoppe.
 46270 | Bazaar   | Found Kumin's Antique Weapon Emporium.
 46270 | Bazaar   | Found Gytegh's Magic Scroll Shoppe.
 46275 | Bazaar   | Bought a scroll of silence for 152 gold pieces
 46275 | Bazaar   | Bought a scroll of brand weapon for 152 gold pieces
 46275 | Bazaar   | Bought a scroll of brand weapon for 152 gold pieces
 46407 | Depths:3 | Reached skill level 21 in Stealth
 46521 | Depths:3 | Reached skill level 15 in Invocations
 46883 | Depths:3 | Received a gift from Okawaru
 47236 | Depths:3 | Found a one-way gate to the infinite horrors of the Abyss.
 47388 | Depths:4 | Entered Level 4 of the Depths
 47521 | Depths:4 | Reached skill level 1 in Armour
 47570 | Depths:4 | Received a gift from Okawaru
 47741 | Depths:4 | Reached skill level 22 in Stealth
 47810 | Depths:4 | Found a gate to the Realm of Zot.
 47813 | Depths:4 | Identified the +2 robe "Hudaron" {+Blink Str+2}
 47869 | Depths:4 | Found a one-way gateway to a ziggurat.
 47905 | Depths:4 | Found Esehoug's Book Shop.
 48001 | Depths:4 | Found Furaaxy's Antique Weapon Shop.
 48005 | Depths:4 | Found Uklihuaf's Magic Scroll Shop.
 48021 | Depths:4 | Bought a scroll of teleportation for 48 gold pieces
 48021 | Depths:4 | Bought a scroll of teleportation for 48 gold pieces
 48227 | Depths:4 | Acquired the scarf "Optuphio" {shadows, rPois Str+5}
 48355 | Zot:1    | Entered Level 1 of the Realm of Zot
 48366 | Zot:2    | Noticed Vv
 48369 | Arena    | Entered the Arena
 48382 | Arena    | Killed Vv
 48465 | Zot:2    | Received a gift from Okawaru
 48571 | Zot:2    | Reached XP level 25. HP: 133/135 MP: 36/36
 48751 | Zot:3    | Identified the +5 double sword of Darkness {holy, Str+7}
 48833 | Zot:4    | Received a gift from Okawaru
 48842 | Zot:4    | Reached skill level 15 in Throwing
 48934 | Zot:5    | Entered Level 5 of the Realm of Zot
 48959 | Zot:5    | Reached skill level 5 in Armour
 48984 | Zot:5    | Reached skill level 23 in Stealth
 49470 | Zot:5    | Received a gift from Okawaru
 49536 | Zot:5    | Noticed a dread lich
 49548 | Zot:5    | Killed a dread lich
 49606 | Zot:5    | Noticed a dread lich
 49616 | Zot:5    | Killed a dread lich
 49657 | Zot:5    | Noticed an orb of fire
 49658 | Arena    | Entered the Arena
 49670 | Arena    | Killed an orb of fire
 49692 | Zot:5    | Noticed a Killer Klown
 49702 | Zot:5    | Killed a Killer Klown
 49713 | Zot:5    | Noticed a Killer Klown
 49734 | Zot:5    | Killed a Killer Klown
 49734 | Zot:5    | Received a gift from Okawaru
 49872 | Zot:5    | Noticed an orb of fire
 49877 | Arena    | Entered the Arena
 49887 | Arena    | Killed an orb of fire
 49888 | Arena    | Reached skill level 24 in Stealth
 50051 | Zot:5    | Noticed an ancient lich
 50063 | Zot:5    | Killed an ancient lich
 50064 | Zot:5    | Reached XP level 26. HP: 118/140 MP: 37/37
 50082 | Zot:5    | Noticed an ancient lich
 50104 | Zot:5    | Killed an ancient lich
 50217 | Zot:5    | Noticed an orb of fire
 50235 | Zot:5    | Noticed an orb of fire
 50239 | Zot:5    | Killed an orb of fire
 50248 | Zot:5    | Noticed an orb of fire
 50249 | Zot:5    | Killed an orb of fire
 50250 | Arena    | Entered the Arena
 50262 | Arena    | Killed an orb of fire
 50278 | Zot:5    | Received a gift from Okawaru
 50289 | Arena    | Entered the Arena
 50321 | Zot:5    | Reached skill level 25 in Stealth
 50335 | Zot:5    | Noticed a Killer Klown
 50344 | Zot:5    | Killed a Killer Klown
 50470 | Zot:5    | Got the Orb of Zot
 50693 | Depths:4 | Received a gift from Okawaru
 50826 | Depths:1 | Reached skill level 10 in Armour
 51025 | D:8      | Noticed Nallyluj the pandemonium lord
 51222 | D:$      | Escaped with the Orb!

Illustrated notes

Levels and vault maps discovered:
D:1:      dpeg_arrival_renting, layout_loops_corners, serial_shops, shop,
          shop_statue, shop, shop, hangedman_abyss_or_decor_stabs,
          roderic_serpentine_path
D:2:      minmay_recursive_quarters, layout_basic
D:3:      layout_basic, marbit_many_paths, serial_shops,
          nicolae_shop_hallway_plus, kennysheep_generic_room_6
D:4:      layout_rooms, minmay_temple_entry_enclosed_plants
D:5:      layout_rooms, nicolae_wu_jian_immortal_techniques,
          minmay_misc_feat_room, uniq_menkaure
D:6:      layout_cave_pods, mainiacjoe_overflow_24_doors,
          amethyst_overflow_temple_binary
D:7:      layout_loops_ring, cheibriados_altar_1, serial_shops,
          nicolae_shop_gaudy_bauble, uniq_prince_ribbit1
D:8:      layout_loops_ring, erik_lair_dragon, uniq_maurice
D:9:      layout_basic, hangedman_feature_mirror
D:10:     layout_cave_pools, lemuel_round_altar, amcnicky_altar_gilded,
          kennysheep_doodads, uniq_erica
D:11:     layout_irregular_city, orc_0_dummy, serial_rivers,
          chequers_serial_rivers_micro_a, chequers_serial_rivers_micro_c,
          chequers_serial_rivers_small_b, chequers_serial_rivers_room_b,
          chequers_serial_rivers_micro_b, chequers_serial_rivers_marsh,
          nicolae_diode_intersection
D:12:     layout_layer_cave, minmay_diced_spiral
D:13:     minmay_open_boxes_in_corner, layout_irregular_city,
          serial_column_ruins, column_ruins_square_medium,
          column_ruins_open_medium, column_ruins_open_large,
          column_ruins_grid_2, column_ruins_corridor_corner, serial_shops,
          nicolae_shop_tiny_statue_garden, ebering_ghost_xom
D:14:     minmay_containers, layout_irregular_city, david_vaults_5,
          nooodl_orcs_dogs, uniq_agnes
D:15:     hangedman_depths_entry_civil_slaughter, layout_rooms,
          amcnicky_mini_pool_small, minmay_guarded_unrand_variability
Lair:1:   layout_regular_city, basic_altar
Lair:2:   layout_regular_city, grunt_megastairs_2
Lair:3:   layout_cave_pods, minmay_shoals_entry_centaurs,
          minmay_snake_entry_six_corridors, ebering_ghost_rock_garden,
          lemuel_old_faithful, serial_bayou_shore_b
Lair:4:   layout_hall_layers, slime_entry_1
Lair:5:   due_jungle_book, layout_loops_ring
Shoals:1: layout_shoals, uniq_roxanne
Shoals:2: layout_shoals
Shoals:3: layout_shoals, nicolae_shoals_hidden_pirate_stash
Shoals:4: shoals_end_grunt_ice, layout_shoals
Snake:1:  nicolae_snake_shooting_gallery, layout_chambers
Snake:2:  layout_onion_interference, serial_bayou_pond_e,
          minmay_shop_grid_forest
Snake:3:  layout_onion, serial_shops, shop, special_room, minmay_shoptagon
Snake:4:  grunt_snake_rune_pools, layout_chambers,
          nicolae_snake_gridmaze_entwining, hangedman_snake_corridor_split
Orc:1:    dreamdust_dug_too_deep, layout_caves, serial_shops,
          nicolae_shop_hallway_plus, uniq_harold
Orc:2:    grunt_orc_community_town_hall, layout_caves,
          grunt_orc_community_big_house_2, grunt_orc_community_big_house_1,
          grunt_orc_community_house_2, grunt_orc_community_house_2,
          grunt_orc_community_house_2, grunt_orc_community_house_3,
          grunt_orc_community_house_1, grunt_orc_community_house_2,
          lemuel_statue_altar, regret_index_minedec_guest_junction,
          uniq_jorgrun, uniq_urug
Elf:1:    eino_elf_arrival_shootout, layout_onion_city, serial_shops,
          nicolae_shop_tiny_statue_garden, nicolae_shop_stone, shop, shop,
          nicolae_elf_shapeshifter_party, uniq_donald
Elf:2:    elven_hall_of_blades_hangedman_alternative
          [nicolae_blade_entry_sentries_behind_glass], layout_geoelf_octagon,
          grunt_megastairs_4
Elf:3:    minmay_elf_hall_spiked, layout_geoelf_grid, basic_altar,
          nicolae_concentric_dashed_squares_mild
Vaults:1: hellmonk_ghost_big_iron, st_cells, nicolae_vaults_network_square,
          hangedman_vaults_corner, nicolae_vaults_what_the_h,
          nicolae_vaults_trapezoid_2, v_alt_pattern_6, vaults_room_corners,
          nicolae_vaults_diamond_1, vaults_dpeg_diagonal, v_misc_10,
          vaults_room_semicircle, nicolae_vaults_tetromino_T_1,
          layout_vaults_ring, serial_shops, nicolae_shop_rolled_up
Vaults:2: nicolae_vaults_border_crossing, nicolae_vaults_offset_grid_hallway_3,
          hangedman_vaults_stretched_pinwheel, dpeg_vaults_monster_box,
          nicolae_vaults_tetromino_T_2, layout_vaults_omnigrid, serial_shops,
          shop
Vaults:3: v_pattern_4, v_misc_13, hangedman_vaults_nodes,
          ontoclasm_vaults_loading_screen, vaults_mumra_minichess,
          nicolae_vaults_tangram_1, v_rooms_2, hangedman_vaults_slice,
          vaults_standard_mumra_x, nicolae_vaults_trapezoid_2, v_misc_17,
          minmay_crypt_entry_necro_gods, nicolae_vaults_trapezoid_3,
          nicolae_vaults_double_plus_1, layout_vaults_omnicross, serial_shops,
          nicolae_shop_rolled_up
Vaults:4: v_misc_1, nicolae_vaults_rhombus_5, nicolae_vaults_little_squares_3,
          vaults_dpeg_doors, vaults_mumra_hexcomb,
          nicolae_vaults_frosty_reception, grunt_vaults_focal,
          nicolae_vaults_double_plus_3, nicolae_vaults_closet_pinwheel_6,
          v_alt_pattern_6, ontoclasm_vaults_pinch, vaults_room_stairs_pillars,
          nicolae_vaults_six-pack, vaults_room_stairs_pillars,
          nicolae_vaults_trapezoid_layered, nicolae_vaults_shelves_hall,
          layout_vaults_omnibox, uniq_zenata, uniq_saint_roka
Vaults:5
Depths:1: layout_roguey, minmay_misc_feat_doors, hell_entry,
          lemuel_zombie_altar_yredelemnul, grunt_megastairs_3
Depths:2: tekkud_shrikecote, layout_cave_pools, rand_demon_pan_entry_1,
          hangedman_geh_valley, uniq_asterion, uniq_grunn
Depths:3: minmay_textured_paths, layout_cave_pools, hell_entry, serial_shops,
          bzr_entry_safe, abyss_entry
Depths:4: evilmike_zot_entry_gauntlet, layout_cave_shapes, enter_ziggurat_a,
          serial_library_hellmonk_h_bend, abyss_entry, serial_shops, shop,
          grunt_hell_entry_dis_grunt, chequers_serial_rivers_micro_a,
          minmay_shop_star
Zot:1:    layout_gridlike, ebering_ghost_xom
Zot:2:    layout_onion_interference, grunt_ministairs_1, uniq_vv
Zot:3:    layout_basic, bh_zot_levy_curve, nicolae_rock_paper_scissors
Zot:4:    layout_gridville
Zot:5:    layout_gridville

Skill      XL: |  1  2  3  4  5  6  7  8  9 10 11 12 13 14 15 16 17 18 19 20 21 22 23 24 25 26 |
---------------+-------------------------------------------------------------------------------+-----
Fighting       | 3 4 5 6 9 10 12 13 15 | 15.0
Short Blades   | 3 4 5 6 7 9 10 11 13 14 | 14.0
Shapeshifting  | 3 7 10 11 12 13 14 | 14.1
Invocations    | 1 6 10 11 12 14 16 18 19 | 19.3
Stealth        | 9 12 14 16 17 18 20 22 24 25 | 25.6
Dodging        | 5 7 9 10 11 | 11.8
Evocations     | 2 3 4 7 10 | 10.0
Shields        | 4 8 11 13 14 15 | 15.0
Throwing       | 3 7 10 12 14 16 | 16.0
Armour         | 3 8 10 | 10.0

Action                     |  1- 3 |  4- 6 |  7- 9 | 10-12 | 13-15 | 16-18 | 19-21 | 22-24 | 25-27 || total
---------------------------+-------+-------+-------+-------+-------+-------+-------+-------+-------++-------
  Melee: Short sword       |   102 |    94 |   232 |   327 |       |       |       |       |       ||   755
         Bite              |    26 |    30 |   105 |   208 |   465 |   400 |   789 |   840 |   511 ||  3374
         Maw               |       |       |       |   161 |   424 |   370 |   642 |   684 |   365 ||  2646
         Quick blade       |       |       |       |    85 |   859 |   811 |  1381 |  1418 |   782 ||  5336
  Throw: Dart              |       |       |       |     6 |     4 |     2 |     1 |       |       ||    13
         Boomerang         |       |       |       |       |     2 |       |    67 |   436 |   113 ||   618
         Javelin           |       |       |       |       |       |       |       |     9 |     1 ||    10
 Invoke: Receive Weapon    |       |       |       |     1 |       |       |       |       |       ||     1
         Receive Armour    |       |       |       |     1 |       |       |       |       |       ||     1
         Duel              |       |       |       |       |     1 |     8 |     4 |     1 |     4 ||    18
         Finesse           |       |       |       |       |     1 |     1 |       |     2 |       ||     4
Ability: Begin Untransform |       |       |       |       |       |     1 |       |       |       ||     1
  Evoke: Wand              |       |       |       |       |       |     3 |     6 |     2 |     5 ||    16
         Phial of floods   |       |       |       |       |       |       |       |     1 |       ||     1
    Use: Scroll            |       |     5 |     2 |    15 |    10 |    11 |     3 |    15 |     3 ||    64
         Potion            |       |       |       |       |     1 |     4 |     3 |     2 |     3 ||    13
   Stab: Sleeping          |       |       |       |       |    18 |    48 |    58 |    25 |     3 ||   152
         Distracted        |       |       |       |       |     1 |     5 |     7 |     6 |     2 ||    21
 Armour: Robe              |    12 |       |       |       |       |       |       |       |       ||    12
         Scale mail        |    35 |    54 |   118 |    53 |       |       |       |       |       ||   260
         Skin              |       |       |       |   120 |   234 |   197 |   289 |   209 |   110 ||  1159
  Dodge: Dodged            |    42 |    27 |    63 |   162 |   253 |   267 |   291 |   228 |   110 ||  1443
  Block: Buckler           |       |       |       |       |       |    50 |   139 |       |       ||   189
         Kite shield       |       |       |       |       |       |       |     7 |   373 |   192 ||   572
         Reflection        |       |       |       |       |       |       |       |    29 |       ||    29
   Form: Maw               |       |       |       |     1 |       |     1 |       |       |       ||     2

Table legend: (Time is in decaauts)
 A = Elapsed time spent in this place.
 B = Non-inter-level travel time spent in this place.
 C = Inter-level travel time spent in this place.
 D = Time resting spent in this place.
 E = Time spent auto-exploring this place.
 F = Levels seen in this place.
 G = Mean time per level.
                   A        B        C        D        E       F      G
               +--------+--------+--------+--------+--------+-----+--------+
         Total |  49403 |  43874 |   5529 |   4229 |  27702 |  66 |  748.5 |
       Dungeon |  15063 |  12458 |   2605 |    304 |   9780 |  15 | 1004.2 |
          Lair |   5626 |   4853 |    773 |    153 |   3530 |   5 | 1125.2 |
        Shoals |   3518 |   3345 |    173 |    281 |   2247 |   4 |  879.5 |
     Snake Pit |   6495 |   5930 |    565 |   1613 |   2900 |   4 | 1623.8 |
  Orcish Mines |   1783 |   1647 |    136 |    150 |   1093 |   2 |  891.5 |
   Elven Halls |   3499 |   3363 |    136 |    350 |   1824 |   3 | 1166.3 |
        Vaults |   7271 |   6543 |    728 |    649 |   3654 |   5 | 1454.2 |
        Depths |   3825 |   3440 |    385 |    356 |   2157 |   4 |  956.2 |
           Zot |   1929 |   1905 |     24 |    281 |    424 |   5 |  385.8 |
        Bazaar |    100 |    100 |      0 |      0 |     93 |   1 |  100.0 |
         Arena |    289 |    289 |      0 |     89 |      0 |  18 |   16.1 |
               +--------+--------+--------+--------+--------+-----+--------+

Top non-repeatable levels by time:
 Snake:4: 2198 daAuts
 Snake:1: 2167 daAuts
Vaults:5: 1847 daAuts
  Lair:5: 1551 daAuts
Vaults:2: 1535 daAuts
     D:1: 1523 daAuts
     D:8: 1478 daAuts
   Zot:5: 1350 daAuts
Vaults:1: 1337 daAuts
Vaults:4: 1306 daAuts
   Elf:3: 1257 daAuts
Vaults:3: 1244 daAuts
   Elf:2: 1231 daAuts
Depths:3: 1202 daAuts
  Lair:3: 1196 daAuts
